cohdb
Replays
Latest Replays
All Replays
Popular Replays
Top Player Replays
Match Explorer
How It Works
Community
CoH3 Stats
Reddit
Sign in to upload your games and track your stats! →
Sign in with Steam
Match 39959223
Unlisted
Match 39959223
Overview
Messages
Build Orders
End
Construct Barracks
Selects Armored Battlegroup
Selects Assault Engineers
Riflemen Squad
Riflemen Squad
Assault Engineer Squad
Assault Engineer Squad
Air Support Center
Grenade Package
Grasshopper Recon Run
Construct Motor Pool
Selects Strength in Steel
Grasshopper Recon Run
P-47 Strafing Run
M8 Greyhound Armored Car
M1 Anti-tank Gun Team
Grasshopper Recon Run
Selects Field Repairs
P-47 Strafing Run
Grasshopper Recon Run
Construct Tank Depot
M1918 Browning Automatic Rifles
Grasshopper Recon Run
P-47 Strafing Run
M1 Anti-tank Gun Team
Selects M8 Scott SPG
Selects War Machine
Grasshopper Recon Run
Selects M8 Scott SPG
Grasshopper Recon Run
Selects UNKNOWN (2160077)
M4A3E8 Sherman Easy Eight
Grasshopper Recon Run
M4A3E8 Sherman Easy Eight
Grasshopper Recon Run
M4A3E8 Sherman Easy Eight
[Trou] Svy_Jules
Кузнец Войны
UH|XTC
iceman
0
0
Comments
sign in to comment!
No comments posted yet!